 Dungeon Crawl Stone Soup version 0.23.2-30-g0e89c35649 (webtiles) character file.

Game seed: 11591571688793545967

4743 dvd the Cleaver (level 10, -3/98 HPs)
             Began as a Troll Berserker on June 19, 2019.
             Was a High Priest of Trog.
             Slain by a wolf (10 damage)
             ... led by Grum
             ... on level 8 of the Dungeon.
             The game lasted 00:14:08 (5112 turns).

dvd the Cleaver (Troll Berserker)                   Turns: 5112, Time: 00:14:08

Health: -3/98      AC: 10    Str: 35    XL:     10   Next: 22%
Magic:  9/9        EV: 14    Int:  4    God:    Trog [*****.]
Gold:   425        SH:  0    Dex: 11    Spells: 9/9 levels left

rFire    + . .     SeeInvis .   t - +2 flail "Obrod" {venom, rElec rF+ Str+8}
rCold    . . .     Gourm    +   (no shield)
rNeg     . . .     Faith    .   b - +1 animal skin
rPois    .         Spirit   .   (helmet restricted)
rElec    +         Reflect  .   (no cloak)
rCorr    .         Harm     +   (gloves unavailable)
MR       ++...                  (boots unavailable)
Stlth    ++........             p - amulet of harm
HPRegen  1.66/turn              s - +3 ring of protection
MPRegen  0.11/turn              n - +2 ring of evasion

@: berserk cooldown, regenerating, slowed, very slow
A: large, unfitting armour, claws 3, fast metabolism 3, gourmand, regeneration
1, shaggy fur 1, tough skin 3
a: Berserk, Trog's Hand, Brothers in Arms, Renounce Religion


You were on level 8 of the Dungeon.
You worshipped Trog.
Trog was extremely pleased with you.
You were not hungry.

You visited 1 branch of the dungeon, and saw 8 of its levels.

You collected 425 gold pieces.

Inventory:

Hand Weapons
 a - a +0 mace
 t - the +2 flail "Obrod" (weapon) {venom, rElec rF+ Str+8}
   (You found it on level 7 of the Dungeon)

   It poisons the flesh of those it strikes.
   It affects your strength (+8).
   It protects you from fire.
   It insulates you from electricity.
 x - a +0 war axe
Missiles
 B - 2 poisoned javelins (quivered)
Armour
 b - a +1 animal skin (worn)
Jewellery
 h - a +1 ring of protection
 i - an uncursed ring of see invisible
 n - a +2 ring of evasion (right claw)
 p - an amulet of harm (around neck)
 s - a +3 ring of protection (left claw)
Wands
 g - a wand of flame (25)
 q - a wand of acid (5)
 w - a wand of random effects (15)
 C - a wand of digging (3)
 D - a wand of clouds (6)
Scrolls
 d - 2 scrolls of remove curse
 k - 4 scrolls of identify
 l - a scroll of teleportation
 u - 3 scrolls of enchant armour
Potions
 e - 2 potions of agility {unknown}
 f - a potion of flight {unknown}
 j - a potion of heal wounds {unknown}
 m - 3 potions of lignification {unknown}
 o - a potion of might
 r - a potion of degeneration {unknown}
 v - 3 potions of curing {unknown}
 z - 2 potions of mutation {unknown}
 A - a potion of resistance {unknown}
 E - a potion of haste {unknown}
Comestibles
 c - 16 rations


   Skills:
 + Level 5.7 Fighting
 + Level 8.4(8.9) Axes
 + Level 4.8(7.6) Maces & Flails
 + Level 3.1 Throwing
 + Level 5.7 Dodging
 + Level 2.0 Stealth
 + Level 0.8 Evocations


You had 9 spell levels left.
You didn't know any spells.
Your spell library was empty.

Dungeon Overview and Level Annotations

Branches:
Dungeon (8/15)             Temple (0/1) D:5
   Lair: D:8-11

Altars:
Nemelex Xobeh
Qazlal
Ru


Innate Abilities, Weirdness & Mutations

You are too large for most types of armour.
You have claws for hands.
Your metabolism is lightning-fast.
You like to eat raw meat.
Your natural rate of healing is unusually fast.
You are covered in fur. (AC +1)
You have extremely tough skin. (AC +3)


Message History

You feel the effects of Trog's Hand fading.
The gnoll sergeant hits you but does no damage.
The gnoll sergeant blocks your attack.
The gnoll sergeant is heavily wounded.
The gnoll sergeant hits you but does no damage.
The gnoll sergeant hits you with a +0 spear.
* * * LOW HITPOINT WARNING * * *
Your skin crawls.
You feel resistant to hostile enchantments.
You feel somewhat more hungry. The gnoll sergeant closely misses you.
You sock the gnoll sergeant!
You kill the gnoll sergeant!
Trog accepts your kill. The wolf bites you but does no damage.
You barely miss the wolf.
The wolf closely misses you. x2; The wolf bites you!
* * * LOW HITPOINT WARNING * * *
You hit the wolf.
The wolf is poisoned.
The wolf is lightly wounded.
The wolf closely misses you. The wolf bites you!
You die...

#. ## ##.## #.#######
..#. #......# #..
##.###.# ##..##
##.##.##########
#....###.###..........#
#..h#.## ##########.#
##.#@†# #.# #.g##.# #..
#g###.# ### #...(h≈...#
# ............# ##
....(...#...... #.
...........###. #.
###.(......# #. ...###.
.# ######## #.


You could see a wolf.

Vanquished Creatures
  A two-headed ogre (D:7)
  Joseph (D:7)
  Eustachio (D:4)
  Grum (D:8)
  Menkaure (D:7)
  Duvessa (D:7)
  An orc warrior (D:7)
  4 sky beasts
  3 phantoms (D:4)
  A necrophage (D:7)
  An ice beast (D:5)
  3 ogres
  3 wolves (D:8)
  A centaur (D:5)
  3 bullfrogs
  A big kobold (D:7)
  A gnoll sergeant (D:8)
  Dowan (D:7)
  A scorpion (D:5)
  3 electric eels (D:7)
  A crimson imp (D:2)
  5 hounds
  A centaur skeleton (D:4)
  4 jellies
  3 orc priests
  2 bullfrog skeletons
  8 orc wizards
  3 iguanas
  6 worker ants
  A killer bee zombie (D:6)
  4 hound skeletons
  A worker ant zombie (D:3)
  4 gnolls (D:8)
  3 howler monkey skeletons
  11 adders
  A shadow imp (D:6)
  3 oozes
  3 worms
  10 dart slugs
  4 leopard geckos
  26 orcs
  2 ball pythons
  7 giant cockroaches
  15 hobgoblins
  8 jackals
  8 kobolds
  2 quokkas
  4 bats
  2 frilled lizards (D:4)
  6 goblins
  6 rats
197 creatures vanquished.

Vanquished Creatures (others)
  3 dart slugs (D:7)
3 creatures vanquished.

Grand Total: 200 creatures vanquished

Notes
Turn   | Place    | Note
-------+----------+-------------------------------------------
     0 | D:1      | dvd the Troll Berserker began the quest for the Orb.
     0 | D:1      | Reached XP level 1. HP: 22/22 MP: 0/0
    39 | D:1      | Reached XP level 2. HP: 29/29 MP: 1/1
   341 | D:2      | Reached XP level 3. HP: 36/36 MP: 2/2
   399 | D:2      | Reached ** piety under Trog
   469 | D:2      | Reached XP level 4. HP: 27/45 MP: 3/3
   769 | D:2      | Found a sacrificial altar of Ru.
   780 | D:2      | Reached XP level 5. HP: 36/53 MP: 4/4
  1191 | D:3      | Reached XP level 6. HP: 61/61 MP: 5/5
  1332 | D:3      | Reached *** piety under Trog
  1456 | D:3      | Reached skill level 1 in Axes
  1576 | D:4      | Noticed Eustachio
  1587 | D:4      | Reached skill level 2 in Axes
  1592 | D:4      | Killed Eustachio
  1592 | D:4      | Reached skill level 3 in Axes
  1592 | D:4      | Reached XP level 7. HP: 67/67 MP: 6/6
  1846 | D:4      | Reached skill level 4 in Axes
  1999 | D:4      | Reached XP level 8. HP: 76/78 MP: 7/7
  2207 | D:4      | Reached skill level 5 in Axes
  2274 | D:5      | Entered Level 5 of the Dungeon
  2281 | D:5      | Reached skill level 1 in Stealth
  2281 | D:5      | Reached **** piety under Trog
  2333 | D:5      | Found a staircase to the Ecumenical Temple.
  2410 | D:5      | Reached skill level 6 in Axes
  2774 | D:5      | Found a stormy altar of Qazlal.
  3281 | D:6      | Reached XP level 9. HP: 87/87 MP: 8/8
  3779 | D:7      | Noticed Menkaure
  3785 | D:7      | Killed Menkaure
  3785 | D:7      | Reached skill level 7 in Axes
  3879 | D:7      | Reached skill level 1 in Throwing
  3941 | D:7      | Noticed Dowan
  3948 | D:7      | Killed Dowan
  3950 | D:7      | Noticed Duvessa
  3963 | D:7      | Killed Duvessa
  3988 | D:7      | Reached skill level 5 in Dodging
  4016 | D:7      | Reached skill level 5 in Fighting
  4072 | D:7      | Noticed a two-headed ogre
  4083 | D:7      | Killed a two-headed ogre
  4083 | D:7      | Reached ***** piety under Trog
  4251 | D:7      | Received a gift from Trog
  4294 | D:7      | Reached skill level 8 in Axes
  4398 | D:7      | Noticed Joseph
  4408 | D:7      | Killed Joseph
  4408 | D:7      | Reached XP level 10. HP: 73/96 MP: 9/9
  4455 | D:7      | Found a sparkling altar of Nemelex Xobeh.
  4656 | D:7      | Got a brightly glowing flail
  4657 | D:7      | Identified the +2 flail "Obrod" {venom, rElec rF+ Str+8}
                  | (You found it on level 7 of the Dungeon)
  5072 | D:8      | Noticed Grum
  5103 | D:8      | HP: 3/98 [Grum/-1 halberd (22)]
  5104 | D:8      | Killed Grum
  5111 | D:8      | HP: 4/98 [wolf[Grum] (12)]
  5112 | D:8      | Slain by a wolf

Skill      XL: |  1  2  3  4  5  6  7  8  9 10 |
---------------+-------------------------------+-----
Maces & Flails | 3 4 |  4.8
Fighting       | 3 4 5 |  5.7
Dodging        | 3 4 5 |  5.7
Axes           | 3 4 6 8 |  8.4
Stealth        | 1 2 |  2.0
Throwing       | 2 3 |  3.1
Evocations     | |  0.8

Action                   |  1- 3 |  4- 6 |  7- 9 | 10-12 || total
-------------------------+-------+-------+-------+-------++-------
Melee: Mace              |    90 |    52 |       |       ||   142
       Hand axe          |       |    36 |       |       ||    36
       War axe           |       |    44 |   321 |     2 ||   367
       Flail             |       |       |       |    41 ||    41
Throw: Tomahawk          |       |       |    32 |     2 ||    34
       Javelin           |       |       |     2 |       ||     2
Invok: Berserk           |     1 |     2 |    10 |     1 ||    14
       Trog's Hand       |       |       |       |     2 ||     2
Evoke: Wand              |       |       |     6 |       ||     6
  Use: Scroll            |       |     6 |     3 |     1 ||    10
 Stab: Sleeping          |     1 |     1 |     1 |     3 ||     6
       Invisible         |       |     1 |       |       ||     1
       Paralysed         |       |     1 |       |       ||     1
  Eat: Chunk             |    11 |    12 |    36 |     2 ||    61
Armor: Animal skin       |    61 |    52 |   104 |    20 ||   237
Dodge: Dodged            |    55 |    97 |   243 |    52 ||   447
